[Event "Early-Titled-Tuesday-Blitz-July-09-2024"]
[Site "Chess.com"]
[Date "2024.07.09"]
[Round "4"]
[White "Sychev_Klementy"]
[Black "edgarhay012"]
[Result "1-0"]
[WhiteElo "2946"]
[BlackElo "2706"]
[TimeControl "180+1"]
[EndTime "8:38:56 PDT"]
[Termination "Sychev_Klementy won by resignation"]

1. e4 e6 2. d3 d5 3. Qe2 Nf6 4. Nf3 c5 5. g3 Nc6 6. Bg2 Be7 7. O-O O-O 8. e5 Nd7 9. c4 b5 10. cxb5 Nd4 11. Nxd4 cxd4 12. a4 a6 13. Na3 Nc5 14. Qc2 Qa5 15. Nc4 dxc4 16. Bd2 cxd3 17. Qd1 Qb6 18.
Bxa8 axb5 19. a5 Qb8 20. Bg2 Qxe5 21. Bb4 Ba6 22. Rc1 h6 23. Re1 Qc7 24. Bxc5 Bxc5 25. b4 d2 26. Qxd2 Qe7 27. Rxc5 Rd8 28. Qd3 Qg5 29.
Rxg5 hxg5 30. Rc1 Rd5 31. Bxd5 Bb7 32. Bxb7 g6 33. a6 Kg7 1-0

[Event "Early-Titled-Tuesday-Blitz-July-09-2024"]
[Site "Chess.com"]
[Date "2024.07.09"]
[Round "4"]
[White "eightbyeightchess"]
[Black "lu1860"]
[Result "1-0"]
[WhiteElo "2447"]
[BlackElo "2039"]
[TimeControl "180+1"]
[EndTime "8:38:56 PDT"]
[Termination "eightbyeightchess won by resignation"]

1. e4 c6 2. d4 d5 3. exd5 cxd5 4. c4 Nc6 5. Nc3 Nf6 6. Nf3 e6 7. cxd5 Nxd5 8. Bd3 Be7 9. O-O O-O 10. Qb3 Nf6 11.
Rd1 b6 12. Bg5 Bb7 13. Bxf6 Bxf6 14. d5 exd5 15. Nxd5 Nd4 16. Nxf6+ Qxf6 17. Nxd4 Rad8 18. Ne2 Qg5 19. Ng3 h6 20. Be4 Ba6 21. Rxd8 Rxd8 22. Rd1 Re8 23. h3 Bb5 24. Rd5 Qc1+ 25. Kh2 a6 26.
Rd1 Qf4 27. Qf3 Qc7 28. b3 a5 29. Qf5 g6 30. Qxb5 Rxe4 31. Qd5 Re8 32. Qd7 Qe5 33.
f4 Qb8 34. f5 g5 35. f6 Qe5 36. Qd6 Qe3 37. Rd3 Qf2 38. Qd7 Re1 39. Qc8+ Kh7 40.
Qf5+ Qxf5 41. Nxf5 Kg6 42. Ne7+ Kxf6 43. Nd5+ Kg7 44.
Nxb6 Re2 45. a4 Rb2 46. Nc4 1-0

[Event "Early-Titled-Tuesday-Blitz-July-09-2024"]
[Site "Chess.com"]
[Date "2024.07.09"]
[Round "4"]
[White "zverr1"]
[Black "Yaacovn"]
[Result "0-1"]
[WhiteElo "2557"]
[BlackElo "2785"]
[TimeControl "180+1"]
[EndTime "8:38:58 PDT"]
[Termination "Yaacovn won by checkmate"]

1. e4 c6 2. d4 d5 3. Nc3 dxe4 4. Nxe4 Nf6 5. Nxf6+ gxf6 6. g3 Qd5 7. Nf3 Bf5 8. c3 Qe4+ 9. Be3 Qc2 10. Qxc2 Bxc2 11. Bg2 Be4 12. O-O Nd7 13. Nh4 Bxg2 14. Kxg2 e6 15.
Bf4 Nb6 16. Rad1 O-O-O 17. Rfe1 Rg8 18. a3 Nd5 19. Bc1 Be7 20. c4 Nb6 21. b3 h5 22.
Bb2 a5 23. a4 Bb4 24. Re3 Nd7 25. Rdd3 f5 26. f4 Nf6 27. d5 Ng4 28. Rf3 Be7 29.
Rd2 Bxh4 30. gxh4 exd5 31. cxd5 Nf6+ 32. Rg3 Ne4 33. Rd3 Nxg3 34. hxg3 Rxd5 35. Rxd5 cxd5 36. Kf3 Re8 37. Be5 Kd7 38. Ke3 f6 39. Kd4 fxe5+ 40.
fxe5 Ke6 41. g4 fxg4 42. b4 b6 43. b5 Rf8 44. Ke3 Kxe5 45. Kd3 g3 46. Ke2 g2 47.
Kd3 g1=Q 48. Kd2 Qg4 49. Ke3 Qxh4 50. Ke2 Qd8 51. Kd2 h4 52. Kd3 h3 53. Kc3 h2 54.
Kc2 Qg5 55. Kb3 Rf3+ 56. Kb2 Qg2+ 57. Kb1 h1=Q# 0-1

[Event "Early-Titled-Tuesday-Blitz-July-09-2024"]
[Site "Chess.com"]
[Date "2024.07.09"]
[Round "4"]
[White "simonachess"]
[Black "BillCoe"]
[Result "0-1"]
[WhiteElo "2307"]
[BlackElo "2059"]
[TimeControl "180+1"]
[EndTime "8:38:58 PDT"]
[Termination "BillCoe won by resignation"]

1. d4 d5 2. c4 e6 3. Nc3 Be7 4.
Nf3 Nf6 5. Bf4 O-O 6. e3 b6 7.
cxd5 Nxd5 8. Nxd5 exd5 9. Bd3 c5 10.
dxc5 bxc5 11. O-O Nd7 12. Rc1 Nf6 13. h3 a5 14. Qe2 Qb6 15. Rfd1 Ba6 16. Bxa6 Rxa6 17.
Be5 Rd8 18. Rc2 Ra7 19. Nh2 Rad7 20. Ng4 Ne4 21. f3 Ng5 22. Kh1 Ne6 23. Rcd2 h6 24. Qd3 Ng5 25. Bg3 Bd6 26. Bf2 h5 27. e4 hxg4 28. hxg4 Bf4 29. Rc2 Qh6+ 30. Kg1 dxe4 31. Qxd7 Rxd7 32. Rxd7 Qh2+ 33. Kf1 Qh1+ 0-1

[Event "Early-Titled-Tuesday-Blitz-July-09-2024"]
[Site "Chess.com"]
[Date "2024.07.09"]
[Round "4"]
[White "wild3000"]
[Black "SuperGPatzer"]
[Result "1-0"]
[WhiteElo "2463"]
[BlackElo "2146"]
[TimeControl "180+1"]
[EndTime "8:38:59 PDT"]
[Termination "wild3000 won on time"]

1. e4 g5 2. d4 h6 3. c4 Bg7 4. Nc3 c5 5. dxc5 Bxc3+ 6. bxc3 Qa5 7. Nf3 g4 8. Nh4 Qxc3+ 9. Bd2 Qf6 10. g3 Nc6 11.
Rc1 d6 12. Bc3 Ne5 13. cxd6 Qxd6 14. Qc2 Nf6 15. Be2 Be6 16. Qa4+ Bd7 17. Qb3 Nd3+ 18. Bxd3 Qxd3 19. Bxf6 Qxe4+ 20. Kd2 O-O-O 21. Rhe1 Ba4+ 22. Kc3 Bxb3 23. Rxe4 exf6 24. axb3 Rd6 25. Nf5 Re6 26. Rce1 Rd8 27. Nxh6 Rxe4 28. Rxe4 Rd1 29. Rxg4 Rf1 30. Rf4 Rh1 31. h4 b5 32. cxb5 Kb7 33. Rxf6 1-0

[Event "Early-Titled-Tuesday-Blitz-July-09-2024"]
[Site "Chess.com"]
[Date "2024.07.09"]
[Round "4"]
[White "tarno17"]
[Black "Payyappat"]
[Result "0-1"]
[WhiteElo "2181"]
[BlackElo "2411"]
[TimeControl "180+1"]
[EndTime "8:38:59 PDT"]
[Termination "Payyappat won by checkmate"]

1. e4 c6 2. d4 d5 3. Nc3 dxe4 4. Nxe4 Nf6 5. Ng5 h6 6. Nxf7 Kxf7 7. Nf3 Be6 8. Ne5+ Kg8 9. Bd3 Nbd7 10. Ng6 Bf7 11.
Nxh8 Kxh8 12. O-O e5 13. Be3 Bd6 14. Bf5 Bc7 15. Qf3 exd4 16. Bxd4 Ne5 17. Qc3 Nd5 18. Qh3 Nf4 19. Qe3 Qxd4 20. Qxd4 Ne2+ 21. Kh1 Nxd4 22.
Rad1 Nxf5 23. f4 Ng4 24. Rd7 Bc4 25. Rb1 Bb6 26. h3 Ng3# 0-1

[Event "Early-Titled-Tuesday-Blitz-July-09-2024"]
[Site "Chess.com"]
[Date "2024.07.09"]
[Round "4"]
[White "SVijayalakshmi"]
[Black "chessdjw"]
[Result "0-1"]
[WhiteElo "2551"]
[BlackElo "2774"]
[TimeControl "180+1"]
[EndTime "8:39:00 PDT"]
[Termination "chessdjw won by checkmate"]

1. Nf3 d5 2. d4 Nf6 3. c4 e6 4. Nc3 Nbd7 5. cxd5 exd5 6. Bg5 c6 7. e3 Be7 8. Bd3 h6 9. Bh4 O-O 10. O-O Re8 11. Qc2 Ne4 12. Bxe7 Qxe7 13. Nd2 Nxd2 14.
Qxd2 Nb6 15. Rab1 a5 16. Rbe1 Qf6 17. Bb1 Bf5 18. Bxf5 Qxf5 19. f3 Nc4 20. Qc1 Qf6 21.
b3 Nd6 22. Qd2 Nf5 23. Na4 Re7 24. Re2 Rae8 25. Rfe1 Qg5 26. f4 Qg4 27. Nb2 Nh4 28. Kh1 Nf5 29. Nd3 Nxd4 30. Nf2 Qxe2 31. Rxe2 Nxe2 32.
Nd1 Nxf4 33. g3 Ne6 34. Qxa5 Ng5 35. Kg2 Ne4 36. Qb4 Nf6 37. Qc3 Ng4 38. Qb4 h5 39.
h3 Nxe3+ 40. Nxe3 Rxe3 41. Qxb7 Re2+ 42. Kf3 R8e3+ 43. Kf4 Re4+ 44. Kf3 g5 45. Qb6 g4+ 46. hxg4 hxg4# 0-1

[Event "Early-Titled-Tuesday-Blitz-July-09-2024"]
[Site "Chess.com"]
[Date "2024.07.09"]
[Round "4"]
[White "Happy1712Drummer"]
[Black "SahibSinghKnight"]
[Result "0-1"]
[WhiteElo "2472"]
[BlackElo "2679"]
[TimeControl "180+1"]
[EndTime "8:39:00 PDT"]
[Termination "SahibSinghKnight won by resignation"]

1. e4 c5 2. Nf3 d6 3. Bb5+ Bd7 4.
Bxd7+ Qxd7 5. O-O g6 6. c3 Bg7 7. d4 cxd4 8. cxd4 Nc6 9. Nc3 Nf6 10. h3 O-O 11. d5 Ne5 12. Nxe5 dxe5 13. Re1 Ne8 14. Be3 f5 15. exf5 gxf5 16. Rc1 Nd6 17. Bg5 h6 18. Bh4 Rac8 19. Qh5 Rc4 20. Ne2 Rb4 21.
b3 f4 22. f3 e4 23. fxe4 Rxe4 24. Nc3 Rxe1+ 25. Bxe1 f3 26. gxf3 Rf5 27. Qh4 Bf6 28.
Qf2 Rh5 29. Qg2+ Rg5 30. Bg3 Be5 31. Ne2 Bxg3 32. Nxg3 Nf5 33. Kh2 Rxg3 34. Qc2 Rxh3+ 35. Kg2 Ne3+ 0-1

[Event "Early-Titled-Tuesday-Blitz-July-09-2024"]
[Site "Chess.com"]
[Date "2024.07.09"]
[Round "4"]
[White "Adar_07"]
[Black "JoliyRoger"]
[Result "1-0"]
[WhiteElo "2750"]
[BlackElo "2425"]
[TimeControl "180+1"]
[EndTime "8:39:00 PDT"]
[Termination "Adar_07 won by resignation"]

1. Nf3 Nf6 2. d4 e6 3. c4 c5 4. d5 exd5 5. cxd5 d6 6. Nc3 g6 7. Nd2 Nbd7 8. e4 Bg7 9. Be2 O-O 10. O-O a6 11. a4 Re8 12. Re1 Rb8 13. Bf1 h6 14. Nc4 Nb6 15. Nd2 Nbd7 16. a5 g5 17. Nc4 Ne5 18. Nb6 Bg4 19. f3 Bh5 20. Be3 Ned7 21. Nc4 Ne5 22. Qb3 Nxc4 23. Bxc4 Nd7 24.
Bf2 Bg6 25. Bf1 f5 26. Bd3 f4 27. Bf1 Ne5 28. Kh1 h5 29. Na4 Bf6 30. Qb6 g4 31. Ra3 Qd7 32. Nxc5 dxc5 33. Qxf6 Rf8 34. Qxe5 Rbe8 35. Qg5 Kh7 36. Rb3 Qc7 37. Rb6 Rg8 38. e5 c4 39. d6 Qd7 40. e6 Rxe6 41. Rxe6 Qxe6 42. Rxb7+ Rg7 43. Rxg7+ Kxg7 44. Qe7+ Qxe7 45. dxe7 Kf7 46. Bh4 Bd3 47. Kg1 gxf3 48. gxf3 1-0

[Event "Early-Titled-Tuesday-Blitz-July-09-2024"]
[Site "Chess.com"]
[Date "2024.07.09"]
[Round "4"]
[White "shimastream"]
[Black "KevinGeorgeMicheal"]
[Result "1-0"]
[WhiteElo "2899"]
[BlackElo "2526"]
[TimeControl "180+1"]
[EndTime "8:39:01 PDT"]
[Termination "shimastream won by resignation"]

1. e4 e5 2. Nf3 Nc6 3. Bb5 a6 4. Ba4 Nf6 5. Nc3 Bc5 6. Bxc6 dxc6 7. Nxe5 Bxf2+ 8. Kxf2 Qd4+ 9. Ke1 Qxe5 10. d3 Bg4 11. Qd2 O-O-O 12. Qg5 Qe7 13. Rf1 Rhg8 14. Be3 h6 15.
Qc5 Qxc5 16. Bxc5 Nd7 17. Be3 Rdf8 18. Kd2 Be6 19. Rf2 f5 20. Raf1 fxe4 21. dxe4 Rxf2+ 22. Rxf2 Rf8 23. Rxf8+ Nxf8 24. Bd4 g6 25. Bg7 Nh7 26.
Bxh6 Kd7 27. h3 Ke7 28. Bf4 Kd7 29. b3 Nf6 30. Ke3 Nh5 31. Be5 Ke7 32. Bxc7 g5 33. Be5 g4 34. h4 Kf7 35. Na4 Bc8 36. Nb6 Be6 37. a4 g3 38. Kf3 Kg6 39. a5 Bg8 40. Na4 Be6 41. Nc5 Bc8 42. b4 Nf6 43. Bxf6 1-0

[Event "Early-Titled-Tuesday-Blitz-July-09-2024"]
[Site "Chess.com"]
[Date "2024.07.09"]
[Round "4"]
[White "Losingexperience"]
[Black "Hirna2005"]
[Result "1-0"]
[WhiteElo "2722"]
[BlackElo "2423"]
[TimeControl "180+1"]
[EndTime "8:39:01 PDT"]
[Termination "Losingexperience won on time"]

1. e4 g6 2. d4 Bg7 3. Nc3 d6 4. Be3 a6 5. f3 b5 6. Qd2 Nd7 7. h4 h5 8. Nh3 Bb7 9. Ng5 Rc8 10. a4 b4 11. Nd5 c5 12. Bc4 e6 13. Nf4 cxd4 14.
Bxd4 Ne5 15. Nxf7 Qe7 16. Bxe5 Bxe5 17. Nxe5 dxe5 18. Nxg6 Qf6 19. Qg5 Rxc4 20. Qxf6 Nxf6 21. Nxh8 Rxc2 22. O-O Kf8 23. Ng6+ Kg7 24. Nxe5 Rxb2 25. Rab1 Rd2 26. Rxb4 Bc8 27. Rc1 Bd7 28. Rb7 Kh6 29.
Rcc7 Bxa4 30. Rg7 Be8 31. Rge7 a5 32. Rxe6 1-0

[Event "Early-Titled-Tuesday-Blitz-July-09-2024"]
[Site "Chess.com"]
[Date "2024.07.09"]
[Round "4"]
[White "Slovineanu"]
[Black "maroro07"]
[Result "1-0"]
[WhiteElo "2570"]
[BlackElo "2366"]
[TimeControl "180+1"]
[EndTime "8:39:01 PDT"]
[Termination "Slovineanu won by resignation"]

1. d4 d5 2. Nf3 e6 3. c4 c5 4.
cxd5 exd5 5. e3 Nc6 6. Bb5 Nf6 7. O-O Bd6 8. dxc5 Bxc5 9. Bxc6+ bxc6 10. Qc2 Qd6 11.
b3 O-O 12. Bb2 Bb6 13. Nbd2 Bg4 14. Rac1 Rac8 15. Rfd1 c5 16. Nc4 Qe6 17. Ng5 Bxd1 18. Rxd1 Qg4 19. Bxf6 g6 20. Ne5 Qf5 21. Qxf5 gxf5 22.
Rxd5 h6 23. Ngf3 Bd8 24. Nd7 Re8 25. g3 Rc6 26. Bxd8 Rxd8 27. Nf6+ Kg7 28. Rxd8 Kxf6 1-0

[Event "Early-Titled-Tuesday-Blitz-July-09-2024"]
[Site "Chess.com"]
[Date "2024.07.09"]
[Round "4"]
[White "CristianS27"]
[Black "Igor_Janik"]
[Result "0-1"]
[WhiteElo "2521"]
[BlackElo "2879"]
[TimeControl "180+1"]
[EndTime "8:39:02 PDT"]
[Termination "Igor_Janik won on time"]

1. e4 c6 2. d4 d5 3. exd5 cxd5 4. c4 Nf6 5. Nc3 e6 6. c5 Be7 7. Nf3 Ne4 8. Bd3 f5 9. Ne5 O-O 10. O-O Nd7 11. Bf4 Bf6 12. Nxd7 Bxd7 13. Bc2 b6 14.
cxb6 Qxb6 15. Be3 Qxb2 16. Nxe4 fxe4 17. Rb1 Qxa2 18. Rb7 Be8 19. Bf4 Qc4 20. Be5 Bxe5 21. dxe5 Qc6 22. Re7 Rf7 23. Rxf7 Bxf7 24. Ba4 Qc7 25.
Qa1 Rc8 26. h4 Qc3 27. Qb1 Qxe5 28. Rc1 Rxc1+ 29. Qxc1 h5 30. Qc8+ Kh7 31. Qd7 Bg6 32. Qxa7 Qa1+ 33. Kh2 Bf5 34. Qa8 Qe5+ 35. g3 Qb2 36.
Kg1 Qa1+ 37. Kh2 e3 38. fxe3 Be4 39. g4 Qh1+ 40. Kg3 Qf3+ 0-1

[Event "Early-Titled-Tuesday-Blitz-July-09-2024"]
[Site "Chess.com"]
[Date "2024.07.09"]
[Round "4"]
[White "ilya2700"]
[Black "dey2580"]
[Result "1-0"]
[WhiteElo "2244"]
[BlackElo "2464"]
[TimeControl "180+1"]
[EndTime "8:39:03 PDT"]
[Termination "ilya2700 won on time"]

1. e4 e6 2. d4 d5 3. exd5 exd5 4. c4 Nf6 5. Nc3 Be7 6. Nf3 O-O 7.
Bd3 dxc4 8. Bxc4 Nbd7 9. O-O Nb6 10. Bb3 Nbd5 11. Re1 c6 12. Bg5 h6 13. Bh4 Bg4 14. Qd3 Nf4 15. Qe3 Ng6 16. Bg3 Bxf3 17. Qxf3 Qxd4 18. Rad1 Qb4 19. Qf5 Qg4 20. Qc2 Bc5 21. Ne4 Nxe4 22. Rxe4 Qh5 23. Rd7 Rad8 24. Bxf7+ Kh8 25.
Rxd8 Rxd8 26. Re1 Kh7 27. Bxg6+ Qxg6 28. Qxc5 Rd2 29. Qb4 Qd3 30. h3 b5 31. Qe7 1-0

[Event "Early-Titled-Tuesday-Blitz-July-09-2024"]
[Site "Chess.com"]
[Date "2024.07.09"]
[Round "4"]
[White "Ordekalog"]
[Black "whitemirrorninja"]
[Result "1-0"]
[WhiteElo "2725"]
[BlackElo "2530"]
[TimeControl "180+1"]
[EndTime "8:39:04 PDT"]
[Termination "Ordekalog won by resignation"]

1. d4 Nf6 2. c4 c6 3. Bf4 g6 4. Nd2 d5 5. e3 Bg7 6. h3 O-O 7. Rc1 b6 8. Ngf3 Ba6 9. cxd5 Bxf1 10. Nxf1 Nxd5 11. Be5 Nf6 12. N1d2 Qd5 13. Qa4 Rc8 14.
O-O Nbd7 15. Rfd1 Nxe5 16. dxe5 Ne8 17. Ne4 Qb5 18. Qxb5 cxb5 19. Kf1 Nc7 20. Rd7 Ne6 21.
Rxc8+ Rxc8 22. Rxe7 Rc2 23. Nf6+ Bxf6 24. exf6 Rc7 25.
Re8+ Nf8 26. Nd4 a6 27. g4 h6 28. h4 b4 29. Ke2 a5 30. f4 a4 31. g5 hxg5 32. hxg5 a3 33. bxa3 bxa3 34. Kd3 Rd7 35.
Ke4 b5 36. Nc6 b4 37. Ne7+ Kh7 38. Rxf8 b3 39. axb3 a2 40. Rxf7+ Kh8 41. Nxg6+ Kg8 42. Rxd7 1-0

[Event "Early-Titled-Tuesday-Blitz-July-09-2024"]
[Site "Chess.com"]
[Date "2024.07.09"]
[Round "4"]
[White "Mr_ruthless"]
[Black "prosequi"]
[Result "1/2-1/2"]
[WhiteElo "2503"]
[BlackElo "2337"]
[TimeControl "180+1"]
[EndTime "8:39:05 PDT"]
[Termination "Game drawn by repetition"]

1. e4 c5 2. Nf3 Nc6 3. d4 cxd4 4.
Nxd4 g6 5. Nc3 Bg7 6. Be3 Nf6 7. Be2 O-O 8. O-O d5 9. exd5 Nxd5 10. Nxd5 Qxd5 11. Bf3 Qc4 12. Nxc6 bxc6 13. c3 Be6 14.
Qc2 a5 15. Rfd1 a4 16. Bd4 Rfd8 17. Bxg7 Kxg7 18. g3 Rxd1+ 19. Qxd1 a3 20. Qd2 axb2 21. Qxb2 Rxa2 22. Rxa2 Qxa2 23. Qxa2 Bxa2 24. Bxc6 Bc4 25. f4 Kf6 26. Kf2 Ke6 27. Ke3 Kd6 28. Be8 f6 29. Kd4 Ba2 30. c4 e5+ 31. fxe5+ fxe5+ 32. Kc3 Kc5 33. Bf7 g5 34. Bd5 h6 35. Bf7 Bb1 36. Kd2 Kd4 37.
h4 Ba2 38. hxg5 hxg5 39. Bh5 Bxc4 40. Bg4 e4 41. Bh5 e3+ 42. Ke1 Ke4 43. Bg4 Bb3 44. Ke2 Bc4+ 45. Ke1 Bb5 46. Bh5 Bd7 47. Ke2 g4 48.
Bg6+ Kd4 49. Bh5 Bb5+ 50. Ke1 Bd7 51. Ke2 Bf5 52. Be8 Be6 53. Bh5 Bc4+ 54. Ke1 Be6 55. Ke2 Bc4+ 56. Ke1 Be6 57. Ke2 1/2-1/2

[Event "Early-Titled-Tuesday-Blitz-July-09-2024"]
[Site "Chess.com"]
[Date "2024.07.09"]
[Round "4"]
[White "BardArtem"]
[Black "FollowRivers"]
[Result "1-0"]
[WhiteElo "2820"]
[BlackElo "2519"]
[TimeControl "180+1"]
[EndTime "8:39:07 PDT"]
[Termination "BardArtem won by resignation"]

1. e4 c5 2. Nf3 d6 3. Nc3 g6 4. d4 cxd4 5. Qxd4 Nf6 6. e5 Nc6 7.
Bb5 dxe5 8. Qxd8+ Kxd8 9. Bxc6 bxc6 10. Nxe5 Ke8 11. Bd2 Bg7 12. O-O-O Nd5 13. Rhe1 Bb7 14.
Nc4 Rd8 15. Nxd5 cxd5 16. Bb4 Rd7 17. Nd6+ Kf8 18. Nxb7 Rxb7 19. Rxd5 Bxb2+ 20. Kxb2 Rxb4+ 21. Kc3 Rb7 22. Rd8+ Kg7 23. Rxh8 Kxh8 24. Re4 Kg7 25. f4 e6 26. a4 Kf6 27. Kd3 h5 28. c4 Rb2 29.
Re2 Rb4 30. Ra2 Ke7 31. Kc3 a5 32. Kd4 Kd6 33. g3 f6 34. h4 e5+ 35. fxe5+ fxe5+ 36. Kd3 Kc5 37. Re2 Rb3+ 38. Kc2 Rxg3 39. Rxe5+ Kxc4 40. Rxa5 Rg2+ 41. Kd1 Rh2 42. Rg5 Rxh4 43. a5 Rh1+ 44.
Ke2 Ra1 45. Rxg6 Rxa5 46. Ke3 Rf5 47. Ke4 Rf1 48. Rc6+ Kb5 49. Rh6 Rh1 50. Kf4 Kc5 51. Kg5 Kd5 52. Rh8 h4 53. Kg4 h3 54. Rxh3 Rh2 55.
Rxh2 1-0

[Event "Early-Titled-Tuesday-Blitz-July-09-2024"]
[Site "Chess.com"]
[Date "2024.07.09"]
[Round "4"]
[White "lluiss"]
[Black "Rosh1610"]
[Result "0-1"]
[WhiteElo "2175"]
[BlackElo "2466"]
[TimeControl "180+1"]
[EndTime "8:39:07 PDT"]
[Termination "Rosh1610 won on time"]

1. Nf3 d5 2. d4 Bg4 3. Ne5 Bf5 4. c4 dxc4 5. Qa4+ Nd7 6. Qxc4 Nxe5 7. dxe5 c6 8. Nc3 g6 9. Bf4 Bg7 10. Qb3 b5 11. a4 a6 12. Rd1 Qc7 13. axb5 Be6 14. Qa3 cxb5 15. Nxb5 Qb7 16. Nd4 Bd7 17. e3 Nh6 18.
Bd3 Qxg2 0-1

[Event "Early-Titled-Tuesday-Blitz-July-09-2024"]
[Site "Chess.com"]
[Date "2024.07.09"]
[Round "4"]
[White "tusplingher"]
[Black "SharathRk6"]
[Result "1-0"]
[WhiteElo "2689"]
[BlackElo "2459"]
[TimeControl "180+1"]
[EndTime "8:39:08 PDT"]
[Termination "tusplingher won by checkmate"]

1. e4 e5 2. Nf3 Nc6 3. Nc3 Nf6 4. Bb5 a6 5. Ba4 b5 6. Bb3 Bc5 7. O-O h6 8. Nxe5 Nxe5 9. d4 Bxd4 10. Qxd4 d6 11. Nd5 Nxd5 12. Bxd5 c6 13. Bb3 c5 14.
Qc3 c4 15. f4 Ng4 16. Qxg7 Qf6 17. Qxf6 Nxf6 18. e5 Nd5 19. Rd1 Ne7 20. Rxd6 cxb3 21. axb3 Bb7 22. Rb6 Be4 23. Raxa6 Rxa6 24. Rxa6 Rg8 25.
g3 Bxc2 26. Rxh6 Bxb3 27. Rb6 Bc4 28. b3 Bd3 29. Be3 Rg6 30. Rb8+ Kd7 31. Rb7+ Ke6 32. Kf2 Nd5 33. Bd4 Rg8 34. h4 Rc8 35. g4 Rc2+ 36.
Kg3 Bf1 37. f5# 1-0

[Event "Early-Titled-Tuesday-Blitz-July-09-2024"]
[Site "Chess.com"]
[Date "2024.07.09"]
[Round "4"]
[White "Barmen_EV"]
[Black "mishanick"]
[Result "0-1"]
[WhiteElo "2539"]
[BlackElo "3085"]
[TimeControl "180+1"]
[EndTime "8:39:08 PDT"]
[Termination "mishanick won by resignation"]

1. e4 e6 2. d4 d5 3. Nd2 dxe4 4.
Nxe4 Bd7 5. Nf3 Bc6 6. Bd3 Nd7 7.
O-O Ngf6 8. Re1 Nxe4 9. Bxe4 Bxe4 10.
Rxe4 Be7 11. c3 O-O 12. Rg4 Nf6 13. Rg3 Ne4 14. Rh3 Qd5 15. Ne5 g6 16. Qg4 f5 17. Qe2 Bf6 18. Bf4 c5 19. f3 cxd4 20. fxe4 fxe4 21. Ng4 Bg7 22. Bh6 d3 23. Qe3 Bxh6 24.
Qxh6 Qd7 25. Rd1 e5 26. Qg5 Qe6 27. Qh4 h5 28. Nf2 Rf4 29. Qg3 Raf8 30. Rd2 h4 31.
Qe3 g5 32. c4 Qxc4 33. g3 Qc1+ 34. Kg2 Rxf2+ 35. Qxf2 Rxf2+ 36. Rxf2 e3 37. Rf5 Qc2+ 0-1

[Event "Early-Titled-Tuesday-Blitz-July-09-2024"]
[Site "Chess.com"]
[Date "2024.07.09"]
[Round "4"]
[White "GothamChess"]
[Black "Orest_Vovk"]
[Result "1-0"]
[WhiteElo "2757"]
[BlackElo "2537"]
[TimeControl "180+1"]
[EndTime "8:39:09 PDT"]
[Termination "GothamChess won by resignation"]

1. e4 g5 2. g3 g4 3. h3 d5 4. Bg2 dxe4 5. hxg4 Nf6 6. g5 Bg4 7. Ne2 Nd5 8. Bxe4 Nc6 9. d4 Bxe2 10. Kxe2 Bg7 11. c3 Qd7 12. Kf1 O-O-O 13. Qf3 e6 14. Rxh7 Rxh7 15. Bxh7 Rh8 16. Be4 Bxd4 17. cxd4 Nxd4 18.
Qd3 f5 19. Qxd4 Rh2 20. Bxd5 exd5 21. g6 Qe8 22. Kg1 Rh5 23. Be3 Qxg6 24. Nd2 c6 25.
Nf3 Qh7 26. Nh4 Qg8 27. Re1 a6 28. Qa7 Rxh4 29. Qa8+ 1-0

[Event "Early-Titled-Tuesday-Blitz-July-09-2024"]
[Site "Chess.com"]
[Date "2024.07.09"]
[Round "4"]
[White "Mops_2004"]
[Black "Schack-Hugo"]
[Result "0-1"]
[WhiteElo "2723"]
[BlackElo "2548"]
[TimeControl "180+1"]
[EndTime "8:39:09 PDT"]
[Termination "Schack-Hugo won on time"]

1. e4 c5 2. Nf3 Nc6 3. g3 e5 4. Bg2 Nf6 5. O-O Be7 6. Nc3 O-O 7.
Bh3 Rb8 8. d3 b5 9. Nd5 d6 10.
Bxc8 Qxc8 11. c4 Nxd5 12. cxd5 Nd8 13. Qe2 Qh3 14. Kh1 f5 15. Ng1 Qg4 16. Qxg4 fxg4 17. Kg2 Nf7 18. f3 gxf3+ 19. Nxf3 h6 20. Bd2 Kh7 21. b4 cxb4 22. Bxb4 Rbc8 23. Rfc1 a5 24. Bd2 Ng5 25. Rxc8 Rxc8 26. Nxg5+ Bxg5 27. Bxa5 Rc2+ 28. Kh1 Be3 29. Bb4 Bd4 30. Rb1 Kg6 31. Bxd6 Kh5 32. Be7 Kg4 0-1

[Event "Early-Titled-Tuesday-Blitz-July-09-2024"]
[Site "Chess.com"]
[Date "2024.07.09"]
[Round "4"]
[White "Chessgod9oninsta"]
[Black "GMMikhailKazakov"]
[Result "1-0"]
[WhiteElo "2788"]
[BlackElo "2509"]
[TimeControl "180+1"]
[EndTime "8:39:09 PDT"]
[Termination "Chessgod9oninsta won on time"]

1. d4 Nf6 2. c4 g6 3. Nc3 d5 4.
cxd5 Nxd5 5. e4 Nxc3 6. bxc3 Bg7 7. Nf3 O-O 8. Be2 c5 9. O-O b6 10. Be3 e6 11. Rc1 Bb7 12. Qc2 Nd7 13. Rfd1 cxd4 14. cxd4 Rc8 15. Qb1 Rxc1 16. Rxc1 Qa8 17. Bd3 Nf6 18.
Nd2 Ng4 19. Rc7 Rd8 20. Nf3 Nxe3 21. fxe3 Bh6 22. Kf2 Rc8 23. Qc2 Qb8 24. Rxc8+ Qxc8 25. Qxc8+ Bxc8 26. Ne5 Bb7 27. Kf3 Kf8 28. Ke2 Ke7 29.
g3 f6 30. Ng4 Bg7 31. Nf2 e5 32. Bc4 h5 33. Kd3 f5 34. exf5 gxf5 35. dxe5 Bxe5 36. Nh3 Be4+ 37. Kd2 h4 38. gxh4 Bxh2 39. Nf4 Bg3 40.
Bd3 Kf6 41. Nh5+ 1-0

[Event "Early-Titled-Tuesday-Blitz-July-09-2024"]
[Site "Chess.com"]
[Date "2024.07.09"]
[Round "4"]
[White "Didici"]
[Black "yesilikeorangejuice"]
[Result "1-0"]
[WhiteElo "2754"]
[BlackElo "2536"]
[TimeControl "180+1"]
[EndTime "8:39:12 PDT"]
[Termination "Didici won by resignation"]

1. Nf3 Nf6 2. b3 d5 3. Bb2 g6 4. c4 c6 5. d4 Bg7 6. g3 O-O 7. Bg2 Qb6 8. Nbd2 a5 9. c5 Qc7 10. O-O Nbd7 11. Rc1 Nh5 12. e4 dxe4 13. Nxe4 e5 14. d5 cxd5 15. Qxd5 Ra6 16. Rfd1 h6 17. Bf1 Re6 18. Bc4 Kh7 19. Qd2 Rc6 20. Bd5 Nxc5 21. Bxc6 Qxc6 22. Rxc5 Qxe4 23. Nxe5 Bh3 24.
f3 Qf5 25. g4 Qf4 26. gxh5 Bxe5 27. Rxe5 Qxf3 28. Re3 Qc6 29. Rxh3 1-0

[Event "Early-Titled-Tuesday-Blitz-July-09-2024"]
[Site "Chess.com"]
[Date "2024.07.09"]
[Round "4"]
[White "Arteler"]
[Black "dretch"]
[Result "1/2-1/2"]
[WhiteElo "2295"]
[BlackElo "2878"]
[TimeControl "180+1"]
[EndTime "8:39:13 PDT"]
[Termination "Game drawn by repetition"]

1. e4 e6 2. d4 d5 3. Nd2 c5 4.
exd5 Qxd5 5. Ngf3 cxd4 6. Bc4 Qd6 7. O-O Nf6 8. Nb3 Nc6 9. Nbxd4 Nxd4 10. Nxd4 a6 11. c3 Be7 12. Bb3 O-O 13. Qf3 Qc5 14. Be3 Qh5 15. Qg3 Ne4 16. Qf3 Qxf3 17. Nxf3 Rd8 18.
Rfd1 b5 19. Rxd8+ Bxd8 20. Rd1 Bb7 21. Ne5 Nf6 22. Bg5 h6 23. Bxf6 Bxf6 24. Nxf7 Kxf7 25.
Rd7+ Kf8 26. Rxb7 Rd8 27. g3 Rd2 28. Bxe6 Rxb2 29. c4 Rxa2 30. cxb5 Ra1+ 31. Kg2 axb5 32. Rxb5 Ke7 33. Bd5 Kd6 34. h4 Rd1 35. Be4 Rd2 36.
Rf5 Ke6 37. Rf3 Bd4 38. Bg6 Ke7 39. Rf7+ Ke6 40. Rf3 Kd6 41. g4 Bf6 42. Kg3 Be5+ 43.
Kh3 Bd4 44. Kg2 Bf6 45. Kh3 Bd4 46. Kg2 1/2-1/2

[Event "Early-Titled-Tuesday-Blitz-July-09-2024"]
[Site "Chess.com"]
[Date "2024.07.09"]
[Round "4"]
[White "Statham_01"]
[Black "Kombinator01"]
[Result "0-1"]
[WhiteElo "2652"]
[BlackElo "2433"]
[TimeControl "180+1"]
[EndTime "8:39:13 PDT"]
[Termination "Kombinator01 won on time"]

1. e4 e5 2. Nf3 Nc6 3. Nc3 Nf6 4. d4 Bb4 5. Nxe5 Nxe4 6. Qg4 Nxc3 7. Qxg7 Rf8 8. Bd2 Nxd4 9. Bxc3 Bxc3+ 10. bxc3 Nf5 11.
Qxh7 Qf6 12. Bc4 Qxe5+ 13. Kf1 Qf6 14. Re1+ Kd8 15. g4 Nd6 16. Qd3 Nxc4 17. Qxc4 b5 18. Qe4 Rb8 19. g5 Qxg5 20. Rg1 Qf6 21. Rg4 c5 22.
Rf4 Qd6 23. Rf5 Bb7 24. Qh4+ Kc7 25. Qg5 Rg8 26. Rxc5+ Bc6 27. Qe3 Rbe8 28. Re5 Bg2+ 29. Kg1 Bh3+ 0-1